 Dungeon Crawl Stone Soup version 0.24.0-7-gb3623d2c88 (webtiles) character file.

Game seed: 15748704695584522934, levelgen mode: deterministic

4212 MirrMurr the Cleaver (level 10, -2/90 HPs)
             Began as a Hill Orc Fighter on Nov 2, 2019.
             Was a Believer of Beogh.
             Slain by a killer bee (3 damage)
             ... on level 8 of the Dungeon.
             The game lasted 00:20:44 (8598 turns).

MirrMurr the Cleaver (Hill Orc Fighter)             Turns: 8598, Time: 00:20:45

Health: -2/90      AC: 13    Str: 23    XL:     10   Next: 29%
Magic:  13/13      EV:  6    Int:  8    God:    Beogh [**....]
Gold:   463        SH: 12    Dex: 10    Spells: 8/9 levels left

rFire    + . .     SeeInvis .   a - +2 broad axe
rCold    + . .     Gourm    .   c - +1 shield
rNeg     . . .     Faith    .   o - +0 chain mail
rPois    .         Spirit   .   h - +0 helmet
rElec    .         Reflect  .   (no cloak)
rCorr    .         Harm     .   I - +0 pair of gloves
MR       .....                  (no boots)
Stlth    ..........             (no amulet)
HPRegen  0.25/turn              q - ring of protection from fire
MPRegen  0.13/turn              y - ring of protection from cold

@: lethally poisoned (-2 -> -58)
A: no striking features
a: Smiting, Renounce Religion


You were on level 8 of the Dungeon.
You worshipped Beogh.
Beogh was pleased with you.
You were not hungry.

You visited 2 branches of the dungeon, and saw 10 of its levels.

You collected 463 gold pieces.

Inventory:

Hand Weapons
 a - a +2 broad axe (weapon)
 b - a +1 hunting sling of flaming
Missiles
 e - 206 stones (quivered)
 m - 7 javelins
 p - 44 sling bullets
 s - 23 poisoned darts
 w - 13 boomerangs
Armour
 c - a +1 shield (worn)
 h - a +0 helmet (worn)
 o - a +0 chain mail (worn)
 I - a +0 pair of gloves (worn)
Jewellery
 q - a ring of protection from fire (left hand)
 y - a ring of protection from cold (right hand)
Wands
 E - a wand of digging (8)
Scrolls
 r - 2 scrolls of remove curse
 u - 2 scrolls of magic mapping
 v - 5 scrolls of teleportation
 x - a scroll of blinking
 A - a scroll of fear
 G - a scroll of enchant armour
 H - 2 scrolls of enchant weapon
Potions
 d - 3 potions of might
 g - a potion of heal wounds
 i - 2 potions of flight
 j - 5 potions of agility
 k - 2 potions of magic
 l - 2 potions of invisibility
 n - a potion of mutation {unknown}
 t - a potion of berserk rage
 z - a potion of ambrosia {unknown}
 B - a potion of brilliance
 C - a potion of curing {unknown}
 D - a potion of degeneration {unknown}
 F - 2 potions of resistance {unknown}
Comestibles
 f - 15 rations


   Skills:
 + Level 8.4 Fighting
 * Level 11.8 Axes
 + Level 7.7 Armour
 + Level 7.7 Shields
 + Level 4.2 Invocations


You had 8 spell levels left.
You knew the following spells:

 Your Spells              Type           Power        Failure   Level  Hunger
a - Confusing Touch       Hex            #.....       100%        1    ##.....

Your spell library contained the following spells:

 Spells                   Type           Power        Failure   Level  Hunger
 Animate Skeleton         Necr           N/A          100%        1    ##.....
 Apportation              Tloc           #.....       100%        1    ##.....
 Shock                    Conj/Air       #...         100%        1    ##.....
 Summon Small Mammal      Summ           #...         100%        1    ##.....
 Swiftness                Chrm/Air       #.......     100%        2    ###....
 Static Discharge         Conj/Air       #.......     100%        3    ####...
 Airstrike                Air            #.........   100%        4    #####..
 Lightning Bolt           Conj/Air       #.........   100%        5    ######.


Dungeon Overview and Level Annotations

Branches:
Dungeon (9/15)             Temple (1/1) D:4
   Lair: D:8-11         Orc: D:9-12

Altars:
Ashenzari
Dithmenos
Fedhas
Gozag
Hepliaklqana
Kikubaaqudgha
Nemelex Xobeh
Ru
Sif Muna
Trog
Wu Jian
Xom
Yredelemnul

Annotations:
D:9 Erica, Joseph


Message History

You block the killer bee's attack.
The killer bee stings you but does no damage. x2
You block the killer bee's attack. x2; The killer bee closely misses you.
The killer bee stings you.
* * * LOW HITPOINT WARNING * * *
You are more poisoned.
The killer bee poisons you!
The killer bee stings you but does no damage.
Your chain mail prevents you from hitting the killer bee.
The killer bee is moderately wounded.
You barely miss the killer bee. You miss the killer bee.
* * * LOW HITPOINT WARNING * * *
You feel very sick. You block the killer bee's attack.
The killer bee stings you but does no damage. x2
You block the killer bee's attack. The killer bee stings you.
* * * LOW HITPOINT WARNING * * *
You are more poisoned.
The killer bee poisons you! The killer bee stings you.
You die...

### ## ##.### #. #....### ##.
#......## #.. ##.......# ###..
#.......##### #..#.
#.yy....##..###....
#.@.....##....#....
##†y....##.........
##......##........ ###
###.....##....###. #.####
#................. ##.##.##
##................ #.>....#
##.............##.
#......#####.........<......(
###......##..................(#


You could see 3 killer bees.

Vanquished Creatures
  Pikel (D:7)
  2 hippogriffs
  A wraith (D:8)
  A water moccasin (D:7)
  Duvessa (D:6)
  2 ice beasts
  A phantom (D:7)
  2 sky beasts (D:8)
  7 ogres
  A black bear (D:8)
  A slave (D:7)
  2 centaurs
  Blork the orc (D:4)
  3 bullfrogs
  Dowan (D:6)
  3 jellies
  4 killer bees (D:8)
  4 wights (D:6)
  2 bullfrog zombies
  2 crimson imps
  4 hounds
  A bullfrog skeleton (D:4)
  3 orc priests
  An iguana (D:4)
  4 orc wizards
  10 worker ants
  9 adders
  2 shadow imps
  An adder zombie (D:8)
  An adder skeleton (D:7)
  2 worms
  2 dart slugs
  4 leopard geckos
  22 orcs
  A ball python (D:6)
  11 bats
  4 giant cockroaches
  8 goblins
  6 hobgoblins
  11 jackals
  4 quokkas
  6 frilled lizards
  2 gnoll zombies (D:5)
  A jackal skeleton (D:6)
  9 kobolds
  A leopard gecko skeleton (D:4)
  12 rats
184 creatures vanquished.

Vanquished Creatures (others)
  A slave (D:7)
  A fungus (D:5)
2 creatures vanquished.

Grand Total: 186 creatures vanquished

Notes
Turn   | Place    | Note
-------+----------+-------------------------------------------
     0 | D:1      | MirrMurr the Hill Orc Fighter began the quest for the Orb.
     0 | D:1      | Reached XP level 1. HP: 19/19 MP: 1/1
   111 | D:1      | Reached skill level 3 in Axes
   114 | D:1      | Reached XP level 2. HP: 27/27 MP: 2/2
   515 | D:1      | Reached XP level 3. HP: 29/33 MP: 3/3
   977 | D:2      | Learned a level 1 spell: Confusing Touch
  1040 | D:2      | Reached skill level 4 in Axes
  1103 | D:2      | Found a faded altar of an unknown god.
  1315 | D:2      | Reached XP level 4. HP: 40/40 MP: 4/4
  2052 | D:3      | Found a sacrificial altar of Ru.
  2239 | D:3      | Found a sparkling altar of Nemelex Xobeh.
  2242 | D:3      | Found an opulent altar of Gozag.
  2471 | D:4      | Reached XP level 5. HP: 47/47 MP: 5/5
  2494 | D:4      | Noticed an ogre
  2511 | D:4      | Killed an ogre
  2511 | D:4      | Reached skill level 5 in Axes
  2649 | D:4      | Noticed an ogre
  2746 | D:4      | Killed an ogre
  2746 | D:4      | Reached XP level 6. HP: 36/55 MP: 6/6
  2902 | D:4      | Reached skill level 5 in Fighting
  2907 | D:4      | Reached skill level 6 in Axes
  2984 | D:4      | Reached XP level 7. HP: 33/61 MP: 7/7
  2999 | D:4      | Reached skill level 5 in Armour
  2999 | D:4      | Reached skill level 5 in Shields
  3417 | D:4      | Found an ornate altar of the Wu Jian Council.
  3473 | D:4      | Reached skill level 7 in Axes
  3558 | D:4      | Found a staircase to the Ecumenical Temple.
  3566 | Temple   | Entered the Ecumenical Temple
  3680 | D:4      | Found a bloodstained altar of Trog.
  3689 | D:4      | Noticed Blork the orc
  3697 | D:4      | Killed Blork the orc
  3713 | D:4      | Became a worshipper of Beogh the Brigand
  3985 | D:5      | Entered Level 5 of the Dungeon
  4048 | D:5      | Reached XP level 8. HP: 70/70 MP: 8/8
  4257 | D:5      | Found a basalt altar of Yredelemnul.
  4303 | D:5      | Reached skill level 8 in Axes
  4315 | D:5      | Found a blossoming altar of Fedhas.
  5049 | D:6      | Noticed Duvessa
  5050 | D:6      | Noticed Dowan
  5072 | D:6      | Killed Duvessa
  5081 | D:6      | Killed Dowan
  5192 | D:6      | Reached skill level 9 in Axes
  5533 | D:6      | Reached XP level 9. HP: 79/79 MP: 9/9
  5706 | D:6      | Reached * piety under Beogh
  6045 | D:7      | Reached skill level 10 in Axes
  6373 | D:7      | Noticed Pikel
  6414 | D:7      | Killed Pikel
  6566 | D:7      | Found a shadowy altar of Dithmenos.
  6731 | D:7      | Reached skill level 11 in Axes
  7268 | D:7      | Found a shimmering altar of Xom.
  7268 | D:7      | Found a shimmering blue altar of Sif Muna.
  7460 | D:8      | Reached XP level 10. HP: 68/88 MP: 12/12
  7712 | D:8      | Found a hazy altar of Hepliaklqana.
  8063 | D:8      | Reached ** piety under Beogh
  8558 | D:9      | Noticed Joseph
  8558 | D:9      | Noticed Erica
  8598 | D:8      | HP: 3/90 [poisoned by a killer bee]
  8598 | D:8      | HP: 1/90 [killer bee (2)]
  8598 | D:8      | Slain by a killer bee

Levels and vault maps discovered:
D:1:      psy_arrival_whirlpool, layout_basic
D:2:      layout_loops_corners, chequers_ecumenical_altar_simple, serial_forest,
          infiniplex_forest_clump_tiny, infiniplex_forest_lined_ring,
          infiniplex_forest_straight_3, infiniplex_forest_zigzag_1,
          infiniplex_forest_lined_corner, infiniplex_forest_straight_2,
          minmay_misc_feat_doors, grunt_decor_one_mirror
D:3:      layout_basic, grunt_temple_overflow_opulence, lemuel_doored_altar
D:4:      layout_basic, nicolae_overflow_hidden_temple, kennysheep_mini_moat,
          minmay_temple_entry_nine_rooms, first_ration, minmay_joined_circles,
          uniq_blork_the_orc
D:5:      layout_basic, fedhas_altar_3, lemuel_zombie_altar_yredelemnul,
          abandoned_shop
D:6:      layout_loops_ring, kennysheep_generic_room_13, uniq_duvessa
D:7:      layout_layer_cave, lemuel_round_altar,
          amethyst_overflow_temple_binary, uniq_pikel
D:8:      layout_cave_pools, lemuel_crystal_altar
D:9:      layout_rooms, nicolae_overflow_crystal_walls, david_lair_shrubbed,
          gammafunk_ghost_mausoleum, uniq_joseph, uniq_erica
Temple:   compressed_dpeg_circular_temple

Skill      XL: |  1  2  3  4  5  6  7  8  9 10 |
---------------+-------------------------------+-----
Axes           | 3 4 5 6 7 9 11 | 11.8
Fighting       | 4 5 7 8 |  8.4
Armour         | 4 5 6 7 |  7.7
Shields        | 4 5 6 7 |  7.7
Invocations    | 3 4 |  4.2

Action                   |  1- 3 |  4- 6 |  7- 9 | 10-12 || total
-------------------------+-------+-------+-------+-------++-------
Melee: War axe           |    88 |    84 |    32 |       ||   204
       Broad axe         |       |       |   201 |    74 ||   275
 Fire: Hunting sling     |    29 |   111 |   137 |    54 ||   331
Invok: Convert to Beogh  |       |       |     1 |       ||     1
  Use: Scroll            |     2 |     7 |    12 |       ||    21
       Potion            |       |       |     1 |     2 ||     3
  Eat: Chunk             |     1 |     6 |    10 |     4 ||    21
       Ration            |       |       |     1 |       ||     1
Armor: Scale mail        |    31 |       |       |       ||    31
       Chain mail        |    23 |    58 |   111 |    80 ||   272
Dodge: Dodged            |    31 |    25 |    39 |    42 ||   137
Block: Shield            |    45 |    59 |   126 |   106 ||   336
